 Dungeon Crawl Stone Soup version 0.24.0-1-gfbc8707122 (webtiles) character file.

Game seed: 576436964874800808, levelgen mode: deterministic

66 Artagas the Shooter (level 3, -1/31 HPs)
             Began as a Centaur Hunter on Oct 25, 2019.
             Shot with an arrow by a centaur (5 damage)
             ... on level 3 of the Dungeon.
             The game lasted 00:08:54 (2077 turns).

Artagas the Shooter (Centaur Hunter)                Turns: 2077, Time: 00:08:54

Health: -1/31      AC:  9    Str: 20    XL:     3   Next: 96%
Magic:  3/3        EV:  5    Int: 10    God:
Gold:   25         SH:  0    Dex:  9    Spells: 2/2 levels left

rFire    . . .     SeeInvis .   a - +1 shortbow
rCold    . . .     Gourm    .   (shield currently unavailable)
rNeg     . . .     Faith    .   o - +0 chain mail
rPois    .         Spirit   .   p - +0 helmet
rElec    .         Reflect  .   (no cloak)
rCorr    .         Harm     .   i - +0 pair of gloves
MR       .....                  (no barding)
Stlth    ..........             (no amulet)
HPRegen  0.10/turn              (no ring)
MPRegen  0.08/turn              (no ring)

@: mighty, very quick
A: large, hooves 3, deformed body, speed 2, tough skin 3
a: no special abilities


You were on level 3 of the Dungeon.
You were not hungry.

You visited 1 branch of the dungeon, and saw 3 of its levels.

You collected 25 gold pieces.

Inventory:

Hand Weapons
 a - a +1 shortbow (weapon)
 b - a +1 dagger of venom
   (You took it off a goblin on level 1 of the Dungeon)
 l - a +0 short sword
Missiles
 k - 13 arrows (quivered)
 s - 15 poisoned darts
Armour
 c - a +0 leather armour
 i - a +0 pair of gloves (worn)
   (You found it on level 1 of the Dungeon)
 m - a +0 ring mail
   (You found it on level 1 of the Dungeon)
 o - a +0 chain mail (worn)
   (You found it on level 2 of the Dungeon)
 p - a +0 helmet (worn)
   (You found it on level 2 of the Dungeon)
Scrolls
 f - a scroll of magic mapping {unknown}
 j - a scroll of amnesia
 n - a scroll of remove curse {unknown}
 r - a scroll of identify
 t - a scroll of enchant armour {unknown}
Potions
 g - a potion of flight
 h - 3 potions of haste
 q - a potion of cancellation
Comestibles
 e - 4 rations
 u - 2 chunks of flesh


   Skills:
 + Level 3.3 Fighting
 + Level 6.4 Bows
 - Level 1.3 Dodging
 - Level 0.4 Stealth


You had 2 spell levels left.
You didn't know any spells.
Your spell library was empty.

Dungeon Overview and Level Annotations

Branches:
Dungeon (3/15)

Altars:
Ru

Annotations:
D:2 1 exclusion, Sigmund


Innate Abilities, Weirdness & Mutations

You have hooves in place of feet.
Armour fits poorly on your strangely shaped body.
You cover ground very quickly.
You have extremely tough skin. (AC +3)


Message History

The hobgoblin hits you but does no damage.
You hit the hobgoblin but do no damage.
The hobgoblin is poisoned.
You kick the hobgoblin.
You kill the hobgoblin!
You see here a +0 club.
t - a scroll labeled BEOSYTH BEKK You open the door.
There is an open door here.
There is an open door here.
A hobgoblin comes into view.
A hobgoblin is nearby!
You are feeling hungry.
You hit the hobgoblin.
The hobgoblin is poisoned.
Your kick misses the hobgoblin.
The hobgoblin is heavily wounded.
The hobgoblin hits you but does no damage.
You closely miss the hobgoblin. You kick the hobgoblin.
You kill the hobgoblin!
r - 2 scrolls of identify (gained 1)
You see here a hobgoblin corpse.
You butcher the hobgoblin corpse.
u - 3 chunks of flesh You see here a hobgoblin skeleton. x2
Eating one of 3 chunks of flesh.
You eat one of the 3 chunks of flesh.
This raw flesh tastes terrible.
A rat comes into view.
You barely miss the rat. The rat bites you but does no damage.
You hit the rat.
You kill the rat!
As you read the scroll of identify, it crumbles to dust.
q - a potion of cancellation A rat comes into view.
A rat is nearby!
The rat bites you but does no damage.
You closely miss the rat. Your kick misses the rat.
The rat bites you but does no damage.
Your chain mail prevents you from hitting the rat.
You kick the rat.
You kill the rat!
Found a stone staircase leading up.
A centaur comes into view.
The centaur shouts!
The centaur wields a +0 shortbow.
The centaur shoots an arrow.
The arrow hits you.
You see here an arrow.
You aren't carrying any items that you can evoke.
Okay, then.
Your +1 dagger of venom stops dripping with poison.
a - a +1 shortbow (weapon)
The centaur shoots an arrow.
The arrow hits you but does no damage.
Okay, then.
Firing (i - inventory. (/) - cycle)
k - 20 arrows (quivered)
Press: ? - help, Shift-Dir - straight line, f - centaur
Aim: a centaur, wielding a +0 shortbow You shoot an arrow.
The arrow hits the centaur.
The centaur is moderately wounded.
The centaur shoots an arrow.
The arrow completely misses you.
Firing (i - inventory. (/) - cycle)
k - 19 arrows (quivered)
Press: ? - help, Shift-Dir - straight line, f/p - centaur
Aim: a centaur, wielding a +0 shortbow (moderately wounded)
You shoot an arrow. The arrow barely misses the centaur.
The centaur shoots an arrow.
The arrow barely misses you.
The centaur shoots an arrow.
The arrow hits you.
Firing (i - inventory. (/) - cycle)
k - 18 arrows (quivered)
Press: ? - help, Shift-Dir - straight line, f/p - centaur
Aim: a centaur, wielding a +0 shortbow (moderately wounded)
You shoot an arrow. The arrow hits the centaur!
The centaur is severely wounded.
Firing (i - inventory. (/) - cycle)
k - 17 arrows (quivered)
Press: ? - help, Shift-Dir - straight line, f/p - centaur
Aim: a centaur, wielding a +0 shortbow (severely wounded)
You shoot an arrow. The arrow barely misses the centaur.
The centaur shoots an arrow.
The arrow hits you!
You feel very mighty all of a sudden.
The centaur shoots an arrow.
The arrow closely misses you.
Firing (i - inventory. (/) - cycle)
k - 16 arrows (quivered)
Press: ? - help, Shift-Dir - straight line, f/p - centaur
Aim: a centaur, wielding a +0 shortbow (severely wounded)
You shoot an arrow. The arrow closely misses the centaur.
The centaur shoots an arrow.
The arrow hits you.
The centaur shoots an arrow.
The arrow hits you.
Firing (i - inventory. (/) - cycle)
k - 15 arrows (quivered)
Press: ? - help, Shift-Dir - straight line, f/p - centaur
Aim: a centaur, wielding a +0 shortbow (severely wounded)
You shoot an arrow.
The arrow completely misses the centaur.
The centaur shoots an arrow.
The arrow hits you!
* * * LOW HITPOINT WARNING * * *
Okay, then.
Okay, then.
Okay, then.
Okay, then.
Firing (i - inventory. (/) - cycle)
k - 14 arrows (quivered)
Press: ? - help, Shift-Dir - straight line, f/p - centaur
Aim: a centaur, wielding a +0 shortbow (severely wounded)
You shoot an arrow. The arrow hits the centaur.
The centaur is severely wounded.
The centaur shoots an arrow.
The arrow barely misses you.
The centaur shoots an arrow.
The arrow hits you.
You die...

#...........#
#...........# #
#######..#### #. #..#
... #..# .... #..#######
..... #.........
......#########.########
.......@......#.#
.......######.#.#
......c#....#.#.#
......(###..#.#.#
.......#....#.#.#
.......#..#.#.#.#
....((.#....#.#.#
####+#'#..###.#.#
.............#.# #


You could see a centaur.

Vanquished Creatures
  2 adders
  2 oozes
  A leopard gecko (D:1)
  An orc (D:3)
  A ball python (D:3)
  A giant cockroach (D:1)
  7 goblins
  4 hobgoblins
  2 kobolds
  2 quokkas
  4 bats
  4 frilled lizards
  6 rats
37 creatures vanquished.

Notes
Turn   | Place    | Note
-------+----------+-------------------------------------------
     0 | D:1      | Artagas the Centaur Hunter began the quest for the Orb.
     0 | D:1      | Reached XP level 1. HP: 17/17 MP: 1/1
   236 | D:1      | Reached XP level 2. HP: 16/25 MP: 2/2
  1378 | D:2      | Found a sacrificial altar of Ru.
  1481 | D:2      | Reached skill level 6 in Bows
  1481 | D:2      | Reached XP level 3. HP: 30/30 MP: 3/3
  1648 | D:2      | Reached skill level 3 in Fighting
  1678 | D:2      | Noticed Sigmund
  2068 | D:3      | Noticed a centaur
  2076 | D:3      | HP: 4/31 [centaur/arrow (7)]
  2077 | D:3      | Shot with an arrow by a centaur

Levels and vault maps discovered:
D:1:      ncdulo_lavacross, layout_basic, serial_glass, glass_columns_a,
          glass_columns_b, glass_columns_a, glass_columns_b, glass_columns_a,
          glass_columns_b, glass_columns_c, glass_columns_b
D:2:      layout_loops_ring, bloody_trog, nicolae_ru_awakened_eye, st_stairs_14,
          dk_xom_monty_hall, uniq_sigmund
D:3:      layout_basic, gammafunk_ghost_stat_death, uniq_natasha

Skill      XL: |  1  2  3 |
---------------+----------+-----
Bows           | 6 |  6.4
Fighting       | 3 |  3.3
Dodging        | |  1.3
Stealth        | |  0.4

Action                   || total
-------------------------++-------
Melee: Short sword       ||    42
       Kick              ||    17
       Dagger            ||    68
 Fire: Shortbow          ||    13
Throw: Dart              ||     2
  Use: Scroll            ||     5
       Potion            ||     1
  Eat: Chunk             ||     3
Armor: Leather armour    ||    13
       Ring mail         ||     9
       Chain mail        ||    27
Dodge: Dodged            ||    45

Levels and vault maps discovered:
D:1:      ncdulo_lavacross, layout_basic, serial_glass, glass_columns_a,
          glass_columns_b, glass_columns_a, glass_columns_b, glass_columns_a,
          glass_columns_b, glass_columns_c, glass_columns_b
D:2:      layout_loops_ring, bloody_trog, nicolae_ru_awakened_eye, st_stairs_14,
          dk_xom_monty_hall, uniq_sigmund
D:3:      layout_basic, gammafunk_ghost_stat_death, uniq_natasha

Table legend:
 A = Turns spent in this place as a percentage of turns spent in the entire game.
 B = Non-inter-level travel turns spent in this place as a percentage of non-inter-level travel turns spent in the entire game.
 C = Inter-level travel turns spent in this place as a percentage of turns spent in this place.
 D = Turns resting spent in this place as a percentage of non-inter-level travel turns spent in this place.
 E = Turns spent auto-exploring this place as a percentage of non-inter-level travel turns spent in this place.
 F = Non-inter-level travel turns spent in this place divided by the number of levels of this place that you've seen.
                   A       B       C       D       E      F
               +-------+-------+-------+-------+-------+----------------------
         Total | 100.0 | 100.0 |   3.2 |  28.0 |  50.7 | 670.0
       Dungeon | 100.0 | 100.0 |   3.2 |  28.0 |  50.7 | 670.0
               +-------+-------+-------+-------+-------+----------------------

Table legend:
 A = Kills in this place as a percentage of kills in entire the game.
 B = Kills by you in this place as a percentage of kills by you in the entire game.
 C = Kills by friends in this place as a percentage of kills by friends in the entire game.
 D = Other kills in this place as a percentage of other kills in the entire game.
 E = Experience gained in this place as a percentage of experience gained in the entire game.
 F = Experience gained in this place divided by the number of levels of this place that you have seen.
                   A       B       C       D       E      F
               +-------+-------+-------+-------+-------+----------------------
         Total | 100.0 | 100.0 |   N/A |   N/A | 100.0 |  31.7
       Dungeon | 100.0 | 100.0 |   N/A |   N/A | 100.0 |  31.7
               +-------+-------+-------+-------+-------+----------------------
